 Dungeon Crawl Stone Soup version 0.31-a0-700-gf13585253f (webtiles) character file.

Game seed: 11925150020263014005

119 qw the Shooter (level 5, 0/32 HPs)
             Began as a Gargoyle Hunter on Sept 7, 2023.
             Slain by a goblin
             ... wielding a +0 club
             ... led by Robin
              (4 damage)
             ... on level 2 of the Dungeon.
             The game lasted 00:00:46 (1551 turns).

qw the Shooter (Gargoyle Hunter)                    Turns: 1551, Time: 00:00:47

Health: 0/32       AC:  7    Str: 15    XL:     5   Next: 3%
Magic:  5/5        EV: 11    Int:  9    God:
Gold:   127        SH:  0    Dex: 15    Spells: 4/4 levels left

rFire   . . .        Y - +0 shortbow
rCold   . . .        (shield currently unavailable)
rNeg    + . .        c - +0 leather armour
rPois   inf          (no helmet)
rElec   +            (no cloak)
rCorr   .            (no gloves)
SInv    .            (no boots)
Will    .....        (no amulet)
Stlth   ++           (no ring)
HPRegen 0.25/turn    (no ring)
MPRegen 0.09/turn

%: no passive effects
@: no status effects
A: sickness immunity, AC +4, negative energy resistance 1, electricity
resistance, torment resistance 1, petrification resistance
a: no special abilities


You were on level 2 of the Dungeon.
You visited 1 branch of the dungeon, and saw 2 of its levels.

You collected 127 gold pieces.


Innate Abilities, Weirdness & Mutations

You are immune to sickness and miasma.
Your stone body is resilient. (AC +4)
You are immune to poison.
You resist negative energy. (rN+)
You are resistant to electric shocks. (rElec)
You are resistant to unholy torment.
You are immune to petrification.


   Skills:
 - Level 3.0 Fighting
 + Level 5.8 Ranged Weapons
 - Level 1.5 Dodging
 - Level 1.1 Stealth


You had 4 spell levels left.
You didn't know any spells.
Your spell library was empty.

Inventory:

Hand Weapons
 Y - a +0 shortbow (weapon)
Armour
 a - a +0 cloak
 c - a +0 leather armour (worn)
 e - a +0 helmet
 h - a +0 pair of boots
 i - a +0 ring mail
 l - the +1 Delatra's gloves {ID++}
   (You found it on level 2 of the Dungeon)

   ID++:      It heals its wearer when they drink unknown potions, and restores
   their MP when they read unknown scrolls.
Jewellery
 k - an amulet of magic regeneration
Scrolls
 b - a scroll of torment {unknown}
 f - 2 scrolls of revelation {unknown}
 m - a scroll of identify {unknown}
Potions
 d - a potion of curing
 g - a potion of berserk rage {unknown}
 j - a potion of haste {unknown}

Dungeon Overview and Level Annotations

Branches:
Dungeon (2/15)

Altars:

Annotations:
D:2 Robin


Message History

The goblins go into a battle-frenzy!
The goblin barely misses you.
You shoot an arrow. The arrow hits the goblin.
You kill the goblin!
Robin throws the goblin at you! The goblin hits you with a +0 club.
You shoot an arrow. The arrow closely misses the goblin.
Robin throws the goblin at you!
A goblin comes into view. It is wielding a +0 dagger.
The goblin barely misses you.
A goblin comes into view. It is wielding a +0 dagger.
The goblin hits you but does no damage. The goblin hits you with a +0 club.
You shoot an arrow. The goblin shouts!
The arrow hits the goblin.
You kill the goblin!
The goblin hits you with a +0 club.
You shoot an arrow. The arrow hits the goblin!
You kill the goblin!
Robin throws the goblin at you! The goblin barely misses you.
The goblin hits you with a +0 club. The goblin closely misses you.
The goblin misses you.
You have reached level 5!
You shoot an arrow. The arrow closely misses the goblin.
The goblin barely misses you. The goblin closely misses you.
You shoot an arrow. The arrow hits the goblin.
You kill the goblin!
Robin throws the goblin at you! The goblin barely misses you.
The goblin hits you with a +0 dagger.
You shoot an arrow.
The arrow hits the goblin but does no damage.
The goblin closely misses you. x2
You shoot an arrow. The arrow hits the goblin!
You kill the goblin!
The goblin closely misses you.
You shoot an arrow. The arrow barely misses Robin.
Robin throws the goblin at you! The goblin closely misses you.
You shoot an arrow. The arrow hits Robin.
Robin is moderately wounded.
Robin barely misses you. The goblin hits you with a +0 club.
You die...

..........). ...
........#### #.#
............ #.#
#######..### #.#
##..### # #.# #......
#. #.# #...... ##..##g#
###### #......
#....)@###....###))....
+....g)<..[...'........
#.............###......
#....)........# #......
#............## ####+##
#............# #.##
############## #.##
#.## #.##


You could see Robin and a goblin (strong).

Vanquished Creatures
  An orc wizard (D:2)
  2 adders (D:2)
  A worm (D:2)
  A dart slug (D:2)
  3 orcs (D:2)
  5 bats
  5 endoplasms
  2 giant cockroaches
  12 goblins
  5 hobgoblins
  2 jackals (D:1)
  3 quokkas
  7 ball pythons
  2 frilled lizards (D:2)
  5 kobolds
  8 rats
64 creatures vanquished.

Notes
Turn   | Place    | Note
-------+----------+-------------------------------------------
     0 | D:1      | qw the Gargoyle Hunter began the quest for the Orb.
     0 | D:1      | Reached XP level 1. HP: 12/12 MP: 1/1
     0 | D:1      | 0 ||| qw: Version: 0.3-a-76-g4403597
     0 | D:1      | 0 ||| qw: Game counter: 515
     0 | D:1      | 0 ||| qw: Melee chars always use a shield: true
     0 | D:1      | 0 ||| qw: God list: Okawaru
     0 | D:1      | 0 ||| qw: Allow faded altars: false
     0 | D:1      | 0 ||| qw: Do Orc after clearing Dungeon:15 true
     0 | D:1      | 0 ||| qw: Do second Lair branch before Depths: true
     0 | D:1      | 0 ||| qw: Lair rune preference: random
     0 | D:1      | 0 ||| qw: Goals: Normal
     0 | D:1      | 0 ||| PLANNING D:1-11
   224 | D:1      | Reached XP level 2. HP: 17/17 MP: 2/2
   402 | D:1      | Reached XP level 3. HP: 21/21 MP: 3/3
   605 | D:1      | Reached skill level 5 in Ranged Weapons
   690 | D:1      | 690 ||| READING scroll labelled NIREAS ABLAR.
   691 | D:1      | 691 ||| READING scroll labelled TIVVEJAXEM.
   692 | D:1      | 692 ||| READING scroll labelled RIFESE RAULOIN.
   693 | D:1      | 693 ||| DRINKING 2 green potions.
   694 | D:1      | 694 ||| DROPPING scroll of butterflies.
   905 | D:2      | Reached skill level 3 in Fighting
  1082 | D:2      | Reached XP level 4. HP: 26/28 MP: 4/4
  1258 | D:2      | 1258 ||| Stepping ~*~*~tactically~*~*~ (outnumbered).
  1315 | D:2      | Found the +1 Delatra's gloves {ID++}
  1421 | D:2      | 1421 ||| Stepping ~*~*~tactically~*~*~ (outnumbered).
  1422 | D:2      | 1422 ||| Stepping ~*~*~tactically~*~*~ (outnumbered).
  1423 | D:2      | 1423 ||| Stepping ~*~*~tactically~*~*~ (outnumbered).
  1424 | D:2      | 1424 ||| Stepping ~*~*~tactically~*~*~ (outnumbered).
  1425 | D:2      | 1425 ||| Stepping ~*~*~tactically~*~*~ (outnumbered).
  1426 | D:2      | 1426 ||| Stepping ~*~*~tactically~*~*~ (outnumbered).
  1427 | D:2      | 1427 ||| Stepping ~*~*~tactically~*~*~ (outnumbered).
  1429 | D:2      | 1429 ||| Stepping ~*~*~tactically~*~*~ (outnumbered).
  1431 | D:2      | 1431 ||| Stepping ~*~*~tactically~*~*~ (outnumbered).
  1476 | D:2      | 1476 ||| FLEEEEING.
  1477 | D:2      | 1477 ||| FLEEEEING.
  1478 | D:2      | 1478 ||| FLEEEEING.
  1479 | D:2      | 1479 ||| FLEEEEING.
  1480 | D:2      | 1480 ||| FLEEEEING.
  1481 | D:2      | 1481 ||| FLEEEEING.
  1537 | D:2      | Noticed Robin
  1545 | D:2      | HP: 4/28 [goblin/+0 club[Robin] (5)]
  1546 | D:2      | Reached XP level 5. HP: 5/32 MP: 5/5
  1551 | D:2      | Slain by a goblin

Levels and vault maps discovered:
D:1:      erik_arrival_triangle_large, layout_loops_ring
D:2:      layout_basic, pf_guarded_unrand_delatra, uniq_robin

Skill      XL: |  1  2  3 |
---------------+----------+-----
Ranged Weapons | 5 |  5.8
Fighting       | 3 |  3.0
Dodging        | |  1.5
Stealth        | |  1.1

Action                     |  1- 3 |  4- 6 || total
---------------------------+-------+-------++-------
   Fire: Shortbow          |   145 |    52 ||   197
    Use: Scroll            |     3 |       ||     3
         Potion            |     1 |       ||     1
 Armour: Leather armour    |    30 |    30 ||    60
  Dodge: Dodged            |    41 |    24 ||    65

Table legend:
 A = Non-vault XP
 B = Vault XP
 C = Vault XP percentage of total XP
 D = Non-vault monster count
 E = Vault monster count
 F = Vault count percentage of total count
                 A         B        C        D         E       F
            +---------+---------+-------+---------+---------+-------
      Total |     108 |      62 |  36.5 |      51 |      13 |  20.3
            +---------+---------+-------+---------+---------+-------
        D:1 |      42 |       0 |   0.0 |      28 |       0 |   0.0
        D:2 |      66 |      62 |  48.4 |      23 |      13 |  36.1
            +---------+---------+-------+---------+---------+-------
